 Dungeon Crawl Stone Soup version 0.29-a0-330-g52719c12eb (webtiles) character file.

Game seed: 224383976145195856

133 DavidChitty2 the Skirmisher (level 4, -2/40 (41) HPs)
             Began as a Minotaur Fighter on Apr 28, 2022.
             Slain by a wight
             ... wielding a +5 halberd
              (8 damage)
             ... on level 3 of the Dungeon on May 2, 2022.
             The game lasted 00:02:58 (2513 turns).

DavidChitty2 the Skirmisher (Minotaur Fighter)      Turns: 2513, Time: 00:02:59

HP:   -2/40 (41)    AC: 12    Str: 23    XL:     4   Next: 94%
MP:   3/3           EV:  7    Int:  5    God:
Gold: 88            SH:  4    Dex:  9    Spells: 3/3 levels left

rFire   . . .      SeeInvis +   a - +0 war axe
rCold   + . .      Faith    .   c - +0 buckler
rNeg    . . .      Spirit   .   n - +0 chain mail
rPois   .          Reflect  .   (helmet restricted)
rElec   .          Harm     .   (no cloak)
rCorr   .          Rampage  .   r - +0 pair of gloves
Will    .....                   k - +0 pair of boots
Stlth   ..........              (no amulet)
HPRegen 0.13/turn               o - ring of protection from cold
MPRegen 0.08/turn               z - ring of see invisible

@: lightly drained
A: horns 2, retaliatory headbutt
a: no special abilities


You were on level 3 of the Dungeon.
You visited 1 branch of the dungeon, and saw 3 of its levels.

You collected 88 gold pieces.

Inventory:

Hand Weapons
 a - a +0 war axe (weapon)
Armour
 c - a +0 buckler (worn)
 k - a +0 pair of boots (worn)
   (You found it on level 2 of the Dungeon)
 n - a +0 chain mail (worn)
   (You found it on level 2 of the Dungeon)
 r - a +0 pair of gloves (worn)
   (You found it on level 3 of the Dungeon)
Jewellery
 o - a ring of protection from cold (left hand)
   (You found it on level 1 of the Dungeon)
 z - a ring of see invisible (right hand)
   (You found it on level 1 of the Dungeon)
Scrolls
 b - a scroll of identify {unknown}
 g - a scroll of fear {unknown}
 h - 2 scrolls of teleportation {unknown}
 l - a scroll of enchant armour {unknown}
Potions
 d - 2 potions of might
 e - 2 potions of heal wounds {unknown}
 f - 2 potions of flight {unknown}
 i - a potion of haste {unknown}
 j - a potion of brilliance {unknown}
 m - a potion of berserk rage {unknown}
 p - a potion of attraction {unknown}
 q - a potion of lignification {unknown}


   Skills:
 + Level 4.4 Fighting
 * Level 4.4 Axes
 + Level 4.4 Armour
 + Level 4.4 Shields


You had 3 spell levels left.
You didn't know any spells.
Your spell library contained the following spells:

 Spells                   Type           Power      Damage    Failure   Level
 Summon Small Mammal      Summ           0%         N/A       99%         1
 Call Canine Familiar     Summ           0%         N/A       100%        3
 Summon Guardian Golem    Hex/Summ       0%         N/A       100%        3


Dungeon Overview and Level Annotations

Branches:
Dungeon (3/15)

Altars:

Shops:
D:1 [   D:2 (


Innate Abilities, Weirdness & Mutations

You have a pair of horns on your head.
You reflexively headbutt those who attack you in melee.


Message History

h - 2 scrolls labelled SYEMOA JUDE (gained 1)
Found a book of Callings.
Found a stone staircase leading down.
You pick up a book of Callings and begin reading...
You add the spells Summon Small Mammal, Call Canine Familiar and Summon Guardian Golem to your library.
A bat comes into view.
Found an escape hatch in the ceiling.
A bat is nearby!
Found 20 stones.
The bat hits you but does no damage.
You closely miss the bat. The bat hits you.
The bat hits you but does no damage.
You miss the bat. Your headbutt misses the bat. The bat closely misses you.
The bat barely misses you. You block the bat's attack.
Found a fuming orange potion and a pair of gloves.
The bat hits you but does no damage. You block the bat's attack.
The bat barely misses you. You furiously retaliate!
You headbutt the bat!
You kill the bat!
No target in view!
No target in view!
No target in view!
No target in view!
No target in view!
No target in view!
q - a fuming orange potion;
d - 2 potions of might (gained 1) No target in view!
Found a +0 robe.
You see here a +0 pair of gloves.
You can't go down here!
Okay, then.
r - a +0 pair of gloves You start putting on your armour.
You continue putting on your +0 pair of gloves. x4
You finish putting on your +0 pair of gloves.
A wight is nearby!
A wight is nearby!
The wight closely misses you.
You hit the wight. The wight hits you with a +5 halberd.
The wight hits you with a +5 halberd!
You barely miss the wight. The wight hits you with a +5 halberd.
You feel drained.
You closely miss the wight. The wight hits you with a +5 halberd!
* * * LOW HITPOINT WARNING * * *
You hit the wight. The wight hits you with a +5 halberd.
* * * LOW HITPOINT WARNING * * *
The wight hits you with a +5 halberd!
* * * LOW HITPOINT WARNING * * *
You hit the wight. The wight hits you with a +5 halberd!
You die...

...........#.## .#
...........#..# .#.########
...........##.# .#.........
...........##.##.#.........
...............#.#.........
.............#.#.#.........
......(......#.#.#.........
[.........z..#...#.........
.......<..@..##..#..#......
########....##..#..##.##.)
#....##..#.....####
#....###.#......... #....#
#.#.###..... #....# #...#
#..... ###### #...###.....
#..>........ #######.....


You could see a wight.

Vanquished Creatures
  A wight (D:2)
  4 adders
  A dart slug (D:2)
  8 ball pythons
  5 endoplasms
  A giant cockroach (D:2)
  3 hobgoblins
  6 kobolds
  4 quokkas
  3 bats
  2 frilled lizards (D:1)
  4 goblins
  4 rats
46 creatures vanquished.

Vanquished Creatures (others)
  3 plants (D:1)
3 creatures vanquished.

Grand Total: 49 creatures vanquished

Notes
Turn   | Place    | Note
-------+----------+-------------------------------------------
     0 | D:1      | DavidChitty2 the Minotaur Fighter began the quest for the
                  | Orb.
     0 | D:1      | Reached XP level 1. HP: 19/19 MP: 0/0
   164 | D:1      | Found Poghiff's Armour Shop.
   304 | D:1      | Reached XP level 2. HP: 25/27 MP: 1/1
   659 | D:1      | Found a faded altar of an unknown god.
  1277 | D:2      | Reached XP level 3. HP: 27/33 MP: 2/2
  1627 | D:2      | Found Neof's Weapon Emporium.
  1825 | D:3      | Noticed a wight
  1825 | D:3      | Noticed a wight
  1836 | D:2      | Killed a wight
  1837 | D:2      | Reached XP level 4. HP: 7/41 MP: 3/3
  2513 | D:3      | Slain by a wight

Illustrated notes

Levels and vault maps discovered:
D:1:      amcnicky_arrival_flooded_fountain, layout_loops_corners,
          hellmonk_ecumenical_altar_crossroads, serial_shops, shop, hex_large,
          serial_bayou_pond_b
D:2:      layout_basic, serial_shops, shop, mrwooster_statue_mirror,
          minmay_pentomino_r2
D:3:      layout_basic

Skill      XL: |  1  2  3 |
---------------+----------+-----
Axes           | 3 4 |  4.4
Armour         | 4 |  4.4
Fighting       | 4 |  4.4
Shields        | 4 |  4.4

Action                   |  1- 3 |  4- 6 || total
-------------------------+-------+-------++-------
Melee: War axe           |   100 |    32 ||   132
       Headbutt          |     9 |     1 ||    10
Armor: Scale mail        |    33 |       ||    33
       Chain mail        |    10 |    17 ||    27
Dodge: Dodged            |    51 |    14 ||    65
Block: Buckler           |    23 |     8 ||    31

Table legend: (Time is in decaauts)
 A = Elapsed time spent in this place.
 B = Non-inter-level travel time spent in this place.
 C = Inter-level travel time spent in this place.
 D = Time resting spent in this place.
 E = Time spent auto-exploring this place.
 F = Levels seen in this place.
 G = Mean time per level.
                   A        B        C        D        E       F      G
               +--------+--------+--------+--------+--------+-----+--------+
         Total |   2567 |   2492 |     75 |    411 |   1637 |   3 |  855.7 |
       Dungeon |   2567 |   2492 |     75 |    411 |   1637 |   3 |  855.7 |
               +--------+--------+--------+--------+--------+-----+--------+

Top non-repeatable levels by time:
     D:1: 1275 daAuts
     D:2: 1047 daAuts
     D:3: 243 daAuts
